 Dungeon Crawl Stone Soup version 0.31-a0-854-g362426d53f (webtiles) character file.

Game seed: 5864857860880495017

43844 Kurtz the Severer (level 14, -2/129 HPs)
             Began as a Naga Delver on Oct 8, 2023.
             Was the Champion of Okawaru.
             Slain by a polar bear (17 damage)
             ... on level 5 of the Lair of Beasts.
             The game lasted 00:30:37 (22914 turns).

Kurtz the Severer (Naga Delver)                    Turns: 22914, Time: 00:30:39

Health: -2/129     AC: 25    Str: 20    XL:     14   Next: 26%
Magic:  25/25      EV: 10    Int:  9    God:    Okawaru [******]
Gold:   228        SH:  7    Dex: 22    Spells: 13/13 levels left

rFire   . . .        a - +4 broad axe (heavy)
rCold   . . .        N - +0 buckler
rNeg    . . .        Z - +0 plate armour of Athe {rElec rCorr Int-4 Dex+3}
rPois   +            X - +0 helmet
rElec   +            p - +0 cloak {Will+}
rCorr   +            G - +2 pair of gloves
SInv    +            D - +1 barding of Raalig {rElec rCorr}
Will    +++..        y - amulet of faith
Stlth   +            W - ring of Ricasoil {EV+5 Str+4}
HPRegen 0.41/turn    l - ring "Gamaefir" {Will+ MP+9 Int+2 Dex+3 Stlth+}
MPRegen 0.19/turn

%: faith
@: about to teleport, very slow
A: AC +4, large, see invisible, deformed body, poison resistance, slowness 2,
spit poison 1, naga tail 2
a: Spit Poison, Renounce Religion, Heroism, Finesse, Duel


You were on level 5 of the Lair of Beasts.
You worshipped Okawaru.
Okawaru was exalted by your worship.
You visited 3 branches of the dungeon, and saw 18 of its levels.
You also visited: Gauntlet.

You collected 1175 gold pieces.
You spent 947 gold pieces at shops.

Inventory:

Hand Weapons
 a - a +4 heavy broad axe (weapon)
 k - the +9 mace "Uqoseofe" {flame, rElec Str+4 Stlth-}
   (You found it on level 4 of the Lair of Beasts)

   Str+4:     It affects your strength (+4).
   rElec:     It insulates you from electricity.
   Stlth-:    It makes you less stealthy.
 I - the +11 hand axe of Yzipt {pain, Int+3}
   (You found it on level 5 of the Dungeon)

   Int+3:     It affects your intelligence (+3).
Missiles
 n - 8 silver javelins (quivered)
 x - 3 curare-tipped darts
 Q - 25 poisoned darts
Armour
 p - a +0 cloak of willpower (worn)
 D - the +1 barding of Raalig (worn) {rElec rCorr}
   (Okawaru gifted it to you on level 1 of the Lair of Beasts)

   rElec:     It insulates you from electricity.
   rCorr:     It protects you from acid and corrosion.
 G - a +2 pair of gloves (worn)
 N - a +0 buckler (worn)
 X - a +0 helmet (worn)
 Z - the +0 plate armour of Athe (worn) {rElec rCorr Int-4 Dex+3}
   (You bought it in a shop on level 4 of the Dungeon)

   Int-4:     It affects your intelligence (-4).
   Dex+3:     It affects your dexterity (+3).
   rElec:     It insulates you from electricity.
   rCorr:     It protects you from acid and corrosion.
Jewellery
 l - the ring "Gamaefir" (right hand) {Will+ MP+9 Int+2 Dex+3 Stlth+}
   (You found it in a Gauntlet)

   [ring of magical power]

   Int+2:     It affects your intelligence (+2).
   Dex+3:     It affects your dexterity (+3).
   Will+:     It increases your willpower.
   MP+9:      It affects your magic capacity (+9).
   Stlth+:    It makes you more stealthy.
 y - an amulet of faith (around neck)
 A - a ring of flight
 L - a ring of positive energy
 M - a ring of protection from fire
 R - a ring of protection from fire
 S - a ring of ice
 W - the ring of Ricasoil (left hand) {EV+5 Str+4}
   (You found it in a Gauntlet)

   [ring of evasion]

   EV+5:      It affects your evasion (+5).
   Str+4:     It affects your strength (+4).
Wands
 b - a wand of roots (11)
 g - a wand of digging (3)
 F - a wand of flame (23)
Scrolls
 c - 6 scrolls of fog
 d - 5 scrolls of revelation
 e - 3 scrolls of fear
 j - a scroll of torment
 o - a scroll of enchant armour
 q - 4 scrolls of immolation
 t - a scroll of brand weapon
 u - a scroll of silence
 v - a scroll of blinking {unknown}
 w - 3 scrolls of enchant weapon
 B - a scroll of amnesia {unknown}
 E - 7 scrolls of teleportation
 K - a scroll of acquirement {unknown}
 O - 3 scrolls of noise
Potions
 f - 2 potions of haste
 h - 4 potions of degeneration
 i - 3 potions of enlightenment
 m - 2 potions of curing
 r - 2 potions of attraction
 s - 3 potions of lignification
 z - 5 potions of brilliance
 C - 2 potions of cancellation
 H - a potion of berserk rage
 J - 2 potions of resistance
 P - 3 potions of might
 T - a potion of mutation
 U - a potion of invisibility
 V - a potion of heal wounds {unknown}
Miscellaneous
 Y - a condenser vane


   Skills:
 - Level 9.1 Fighting
 * Level 17.5 Axes
 - Level 7.0 Armour
 * Level 6.1 Dodging
 - Level 7.2 Stealth
 - Level 8.5 Shields
 - Level 3.9 Invocations


You had 13 spell levels left.
You didn't know any spells.
Your spell library contained the following spells:

 Spells                   Type           Power      Damage    Failure   Level
 Kiss of Death            Conj/Necr      0%         2d5       100%        1
 Poisonous Vapours        Pois/Air       0%         N/A       100%        2
 Confusing Touch          Hex            0%         N/A       100%        3
 Mephitic Cloud           Conj/Pois/Air  0%         N/A       100%        3
 Volatile Blastmotes      Fire/Tloc      0%         2d10      100%        3
 Dimensional Bullseye     Hex/Tloc       0%         N/A       100%        4
 Dispel Undead            Necr           0%         3d6       100%        4
 Fulminant Prism          Conj/Hex       0%         3d5       100%        4
 Iskenderun's Mystic Bla  Conj/Tloc      0%         2d3       100%        4
 Freezing Cloud           Conj/Ice/Air   0%         6-21      100%        5
 Tukima's Dance           Hex            Unusable   N/A       N/A         3

Dungeon Overview and Level Annotations

Branches:
Dungeon (12/15)            Temple (1/1) D:6            Lair (5/5) D:11
 Shoals (0/4) Lair:3       Spider (0/4) Lair:2        Slime (0/5) Lair:5
    Orc (0/2) D:12        Gauntlet (visited)

Altars:
Ashenzari
Cheibriados
Dithmenos
Elyvilon
Fedhas
Gozag
Hepliaklqana
Kikubaaqudgha
Makhleb
Nemelex Xobeh
Okawaru
Qazlal
Ru
Sif Muna
Trog
Uskayaw
Vehumet
Wu Jian
Xom
Yredelemnul
Zin
The Shining One
Jiyva

Shops:
D:4 [   D:6 !

Annotations:
D:9 exclusion: troll


Innate Abilities, Weirdness & Mutations

Your serpentine skin is tough. (AC +4)
You have supernaturally acute eyesight. (SInv)
Armour fits poorly on your strangely shaped body.
Your system is resistant to poisons. (rPois)
You cover ground very slowly.
You can spit poison.
You can use your snake-like lower body to constrict enemies.


Message History

Unknown command.
Unknown command.
As you read the scroll labelled YRPHO SYCSOU, it crumbles to dust.
You feel strangely unstable.
It was a scroll of teleportation.
You constrict the polar bear! The wolf barely misses you.
The hornet stings you!
* * * LOW HITPOINT WARNING * * *
You are poisoned.
You feel yourself slow down.
The boggart gestures wildly while chanting.
The boggart flickers and vanishes for a moment.
The polar bear bites you.
* * * LOW HITPOINT WARNING * * *
The polar bear barely misses you.
The polar bear claws you but does no damage.
The wolf bites you but does no damage.
Unknown command.
Unknown command.
Unknown command.
You feel better.
You constrict the polar bear. The hornet closely misses you.
You block the wolf's attack.
The polar bear goes berserk!
The hornet stings you.
* * * LOW HITPOINT WARNING * * *
You block the wolf's attack.
The polar bear bites you but does no damage.
The polar bear claws you.
* * * LOW HITPOINT WARNING * * *
The polar bear claws you but does no damage.
The wolf misses you.
The hornet stings you but does no damage.
Unknown command.
Unknown command.
You release your grip on the polar bear.
You feel yourself speed up. The wolf attacks as it pursues you!
The wolf bites you but does no damage. The hornet attacks as it pursues you!
The hornet stings you but does no damage.
The boggart gestures wildly while chanting.
The wolf bites you but does no damage. The polar bear bites you!
You die...

.♣ ..♣ ♣..♣ ♣. ♣♣..♣ ...
....♣ ....♣ il.♣ ...♣.♣
♣♣)..♣ ...#♣.♣♣♣ ♣♣h.g♣
........♣♣♣♣♣♣ ♣@h.♣♣
........#....♣♣♣(y♣♣
....#.....#.......♣
#....##...........♣
...#....###............
...#.....#..........P..♣♣
....#P...#....#...##...P#
....#...##....#..###....
........##P......###P..##


You could see a polar bear (berserk), a hornet, a wyvern (summoned), a spriggan,
a wolf and a boggart (invisible).

Vanquished Creatures
  A minotaur (Gauntlet)
  A hell beast (Gauntlet)
  3 hydras
  A catoblepas (Lair:3)
  2 two-headed ogres
  A soul eater (Gauntlet)
  A spriggan (Lair:5)
  2 cyclopes (D:11)
  2 black mambas
  26 elephants
  6 cane toads
  2 gargoyles
  12 rime drakes
  An unseen horror (D:11)
  5 komodo dragons
  A kobold demonologist (D:10)
  4 hornets
  Grinder (D:6)
  A polar bear (Lair:1)
  3 trolls
  9 blink frogs
  5 dream sheep
  A shadow (D:9)
  Eustachio (D:6)
  A basilisk (D:11)
  41 yaks
  14 steam dragons
  3 wyverns
  4 vampire mosquitoes
  2 acid dragons
  12 water moccasins
  2 hell hounds (Gauntlet)
  A sky beast (D:8)
  An orc warrior (D:8)
  3 ice beasts
  A black bear (Lair:2)
  18 wolves
  2 phantoms
  3 centaurs
  2 kobold brigands
  8 bullfrogs
  3 scorpions
  19 killer bees
  4 howler monkeys
  5 electric eels (D:11)
  3 orc priests
  6 hounds
  A jelly (D:7)
  2 iguanas
  An orc wizard (D:10)
  6 small abominations (Gauntlet)
  10 adders
  2 shadow imps (Gauntlet)
  2 white imps
  An ufetubus (D:4)
  A worm (D:4)
  11 dart slugs
  32 orcs
  7 endoplasms
  3 giant cockroaches (D:2)
  4 hobgoblins
  6 jackals
  7 quokkas
  16 ball pythons
  6 bats
  5 frilled lizards
  11 goblins
  14 kobolds
  4 rats
402 creatures vanquished.

Vanquished Creatures (others)
  A rime drake (Lair:2)
1 creature vanquished.

Grand Total: 403 creatures vanquished

Notes
Turn   | Place    | Note
-------+----------+-------------------------------------------
     0 | D:5      | Kurtz the Naga Delver began the quest for the Orb.
     0 | D:5      | Reached XP level 1. HP: 21/21 MP: 1/1
   201 | D:4      | Noticed a scorpion
   211 | D:4      | Killed a scorpion
   212 | D:4      | Reached skill level 4 in Axes
   212 | D:4      | Reached XP level 2. HP: 13/28 MP: 2/2
   212 | D:4      | Reached XP level 3. HP: 16/34 MP: 3/3
   212 | D:4      | Reached XP level 4. HP: 20/42 MP: 4/4
   346 | D:4      | Found a hazy altar of Hepliaklqana.
   347 | D:4      | Found a bloodstained altar of Trog.
   350 | D:4      | Found a broken altar of Ashenzari.
   370 | D:4      | Reached skill level 5 in Axes
   370 | D:4      | Reached XP level 5. HP: 18/49 MP: 5/5
  2485 | D:2      | Reached skill level 6 in Axes
  2689 | D:2      | Reached XP level 6. HP: 55/56 MP: 6/6
  2897 | D:3      | Found a faded altar of an unknown god.
  3235 | D:3      | Found an ornate altar of the Wu Jian Council.
  3835 | D:4      | Reached skill level 7 in Axes
  4273 | D:4      | Found Ybyikh's Antique Armour Shoppe.
  4822 | D:5      | Reached XP level 7. HP: 56/62 MP: 7/7
  4856 | D:5      | Found a snail-covered altar of Cheibriados.
  5224 | D:5      | Reached skill level 8 in Axes
  5837 | D:5      | Identified the +11 hand axe of Yzipt {pain, Int+3}
  6160 | D:6      | Found a staircase to the Ecumenical Temple.
  6201 | Temple   | Entered the Ecumenical Temple
  6265 | Temple   | Became a worshipper of Warmaster Okawaru
  6482 | D:6      | Noticed Eustachio
  6517 | D:6      | Killed Eustachio
  6518 | D:6      | Reached skill level 9 in Axes
  6518 | D:6      | Reached skill level 1 in Invocations
  6518 | D:6      | Reached XP level 8. HP: 48/69 MP: 8/8
  6714 | D:6      | Noticed Grinder
  6719 | D:6      | Killed Grinder
  6719 | D:6      | Reached * piety under Okawaru
  6730 | D:6      | Found Sezekk's Distillery.
  6732 | D:6      | Found a shadowy altar of Dithmenos.
  7018 | D:7      | Identified the staff "Ewumegae" {rF+ Str-5 Int+4 Fire}
  7079 | D:7      | Reached skill level 10 in Axes
  7187 | D:7      | Noticed a two-headed ogre
  7192 | D:7      | Killed a two-headed ogre
  7192 | D:7      | Reached ** piety under Okawaru
  7193 | D:7      | Reached skill level 11 in Axes
  7193 | D:7      | Reached XP level 9. HP: 55/78 MP: 10/10
  8162 | D:7      | Found a sparkling altar of Nemelex Xobeh.
  8162 | D:7      | Found an opulent altar of Gozag.
  8781 | D:8      | Reached skill level 12 in Axes
  8790 | D:8      | Reached *** piety under Okawaru
  9026 | D:8      | Noticed a two-headed ogre
  9037 | D:8      | Killed a two-headed ogre
  9038 | D:8      | Reached skill level 5 in Fighting
  9038 | D:8      | Reached XP level 10. HP: 52/88 MP: 12/12
  9496 | D:8      | Reached skill level 1 in Shields
 10398 | D:9      | Reached **** piety under Okawaru
 10789 | D:9      | Reached skill level 5 in Shields
 11039 | D:9      | Found a shimmering blue altar of Sif Muna.
 11318 | D:10     | Entered Level 10 of the Dungeon
 11334 | D:10     | Found a stormy altar of Qazlal.
 12004 | D:10     | Reached ***** piety under Okawaru
 12259 | D:10     | Found a basalt altar of Yredelemnul.
 12361 | D:10     | Found a radiant altar of Vehumet.
 12529 | D:11     | Noticed an unseen horror
 12529 | D:11     | Noticed a kobold demonologist
 12546 | D:10     | Killed a kobold demonologist
 12547 | D:10     | Reached XP level 11. HP: 90/96 MP: 13/13
 12565 | D:11     | Noticed a cyclops
 12727 | D:11     | Noticed a cyclops
 12738 | D:11     | Killed a cyclops
 13005 | D:11     | Killed a cyclops
 13141 | D:11     | Received a gift from Okawaru
 13237 | D:11     | Reached skill level 1 in Armour
 13650 | D:11     | Found a staircase to the Lair.
 14070 | D:12     | Found a staircase to the Orcish Mines.
 14296 | D:12     | Found a gate leading to a gauntlet.
 14305 | Gauntlet | Entered a Gauntlet
 14305 | Gauntlet | Noticed a soul eater
 14305 | Gauntlet | Found a transporter.
 14305 | Gauntlet | Found a transporter.
 14387 | Gauntlet | Found a transporter.
 14387 | Gauntlet | Found a transporter.
 14387 | Gauntlet | Found a transporter.
 14397 | Gauntlet | Found a transporter.
 14401 | Gauntlet | Found a transporter.
 14406 | Gauntlet | Noticed a hell beast
 14411 | Gauntlet | Found a transporter.
 14499 | Gauntlet | Found a transporter.
 14517 | Gauntlet | Found a transporter.
 14517 | Gauntlet | Found a transporter.
 14532 | Gauntlet | Found a transporter.
 14635 | Gauntlet | Killed a soul eater
 14936 | Gauntlet | Killed a hell beast
 14946 | Gauntlet | Identified the ring "Gamaefir" {Will+ MP+9 Int+2 Dex+3
                  | Stlth+}
 15121 | Gauntlet | Noticed a minotaur
 15149 | Gauntlet | Killed a minotaur
 15153 | Gauntlet | Identified the ring of Ricasoil {EV+5 Str+4}
 15754 | D:4      | Bought a crude plate armour for 700 gold pieces
 15754 | D:4      | Identified the +0 plate armour of Athe {rElec rCorr Int-4
                  | Dex+3} (You bought it in a shop on level 4 of the Dungeon)
 15877 | D:6      | Bought a potion of berserk rage for 60 gold pieces
 15993 | D:12     | Noticed a manticore
 16021 | Lair:1   | Entered Level 1 of the Lair of Beasts
 16068 | Lair:1   | Reached XP level 12. HP: 102/109 MP: 14/14
 16264 | Lair:1   | Received a gift from Okawaru
 16265 | Lair:1   | Reached skill level 5 in Armour
 16270 | Lair:1   | HP: 1/110 [elephant (8)]
 16920 | Lair:1   | Received a gift from Okawaru
 17574 | Lair:1   | Reached ****** piety under Okawaru
 17987 | Lair:1   | Acquired a +3 heavy broad axe
 17987 | Lair:1   | Received a gift from Okawaru
 17999 | Lair:1   | Acquired the +1 barding of Raalig {rElec rCorr}
 17999 | Lair:1   | Received a gift from Okawaru
 18225 | D:4      | Bought a pair of runed gloves for 187 gold pieces
 18441 | Lair:2   | Reached skill level 13 in Axes
 18448 | Lair:2   | Received a gift from Okawaru
 18469 | Lair:2   | Reached skill level 5 in Dodging
 18470 | Lair:2   | Gained mutation: You can use your snake-like lower body to
                  | constrict enemies. [Naga growth]
 18470 | Lair:2   | Reached XP level 13. HP: 66/121 MP: 15/15
 18480 | Lair:2   | Reached skill level 14 in Axes
 18493 | Lair:2   | HP: 6/121 [something] (7)]
 18909 | Lair:2   | Identified the +0 leather armour of Xoisogh {rPois Will+}
 19076 | Lair:2   | Received a gift from Okawaru
 19242 | Lair:2   | Found a hole to the Spider Nest.
 19557 | Lair:2   | Reached skill level 15 in Axes
 19702 | Lair:2   | Received a gift from Okawaru
 20358 | Lair:3   | Found a staircase to the Shoals.
 20570 | Lair:3   | Received a gift from Okawaru
 21250 | Lair:4   | Reached skill level 16 in Axes
 21356 | Lair:4   | Identified the +9 mace "Uqoseofe" {flame, rElec Str+4
                  | Stlth-}
 21634 | Lair:4   | Received a gift from Okawaru
 21645 | Lair:4   | Reached XP level 14. HP: 92/129 MP: 16/16
 21965 | Lair:4   | Reached skill level 17 in Axes
 22766 | Lair:5   | Entered Level 5 of the Lair of Beasts
 22773 | Lair:5   | Found a staircase to the Slime Pits.
 22773 | Lair:5   | Found a viscous altar of Jiyva.
 22888 | Lair:5   | Received a gift from Okawaru
 22914 | Lair:5   | Slain by a polar bear

Illustrated notes

Levels and vault maps discovered:
D:1:      minmay_arrival_hallway, layout_basic, item_on_display_a
D:2:      minmay_razor_zed, layout_loops_ring, minivault_25,
          minmay_shallow_snake_nest
D:3:      layout_loops_corners, amcnicky_altar_gilded,
          hellmonk_ecumenical_altar_defaced_shrine
D:4:      kennysheep_slugbush, layout_basic, grunt_temple_overflow_open,
          serial_shops, shop
D:5:      layout_loops_corners, cheibriados_altar_1
D:6:      layout_cave_pools, grunt_dithmenos_smoke,
          minmay_temple_entry_butterflies, serial_shops, shop,
          serial_park_tiny_pond, uniq_grinder, uniq_eustachio
D:7:      layout_basic, grunt_temple_overflow_opulence
D:8:      layout_loops_corners
D:9:      layout_roguey, mainiacjoe_overflow_24_doors, due_unseen_surprise
D:10:     layout_irregular_city, fiery_altar_vehumet, kennysheep_little_box,
          nicolae_qazlal_scattered_showers, corexii_hall_statues_s
D:11:     layout_rooms, erik_lair_island
D:12:     layout_layer_cave, orc_0_dummy, gauntlet_entry_generic,
          nrook_mini_backslash, uniq_snorg
Temple:   nicolae_temple_bog_church
Lair:1:   layout_loops_ring, st_stairs_6, chequers_serial_rivers_large_a
Lair:2:   layout_misc_corridors, dummy_spider_entry, bobbens_dragon_lair_wall
Lair:3:   layout_cellular_growth, shoals_dummy_entry
Lair:4:   layout_regular_city, lemuel_fruit_tree, grunt_megastairs_1
Lair:5:   minmay_lair_end_enchanted_forest, layout_long_grid, slime_entry_1,
          nicolae_lair_lakeside_cave

Skill      XL: |  1  2  3  4  5  6  7  8  9 10 11 12 13 14 |
---------------+-------------------------------------------+-----
Axes           | 4 5 6 7 9 11 12 13 16 17 | 17.5
Invocations    | 1 2 3 |  3.9
Fighting       | 4 5 7 9 |  9.1
Shields        | 7 8 |  8.5
Armour         | 4 7 |  7.0
Dodging        | 3 5 6 |  6.1
Stealth        | |  7.2

Action                     |  1- 3 |  4- 6 |  7- 9 | 10-12 | 13-15 || total
---------------------------+-------+-------+-------+-------+-------++-------
  Melee: Hand axe          |     3 |   220 |   232 |   534 |       ||   989
         Whip              |       |   111 |       |       |    25 ||   136
         Punch             |       |     2 |     5 |       |       ||     7
         War axe           |       |       |     2 |       |       ||     2
         Broad axe         |       |       |       |    30 |   223 ||   253
         Constrict         |       |       |       |       |    45 ||    45
         Mace              |       |       |       |       |     4 ||     4
  Throw: Dart              |       |       |     3 |    17 |       ||    20
         Javelin           |       |       |       |       |     2 ||     2
 Invoke: Heroism           |       |       |       |     6 |     2 ||     8
         Finesse           |       |       |       |     3 |       ||     3
         Receive Weapon    |       |       |       |     1 |       ||     1
         Receive Armour    |       |       |       |     1 |       ||     1
Ability: Spit Poison       |     2 |     8 |    11 |    15 |       ||    36
  Evoke: Wand              |       |       |    17 |    40 |       ||    57
         Condenser vane    |       |       |       |       |     1 ||     1
    Use: Potion            |       |       |     1 |     3 |     1 ||     5
         Scroll            |       |       |       |    18 |     4 ||    22
   Stab: Sleeping          |     1 |    19 |       |     1 |       ||    21
         Invisible         |       |       |       |     5 |       ||     5
 Armour: Leather armour    |     1 |   148 |       |       |       ||   149
         Scale mail        |       |    81 |    79 |       |       ||   160
         Plate armour      |       |       |   121 |   207 |   385 ||   713
         Ring mail         |       |       |       |   254 |       ||   254
  Dodge: Dodged            |     1 |   149 |    37 |   229 |   171 ||   587
  Block: Buckler           |       |       |       |   169 |   130 ||   299

Table legend: (Time is in decaauts)
 A = Elapsed time spent in this place.
 B = Non-inter-level travel time spent in this place.
 C = Inter-level travel time spent in this place.
 D = Time resting spent in this place.
 E = Time spent auto-exploring this place.
 F = Levels seen in this place.
 G = Mean time per level.
                   A        B        C        D        E       F      G
               +--------+--------+--------+--------+--------+-----+--------+
         Total |  27953 |  24979 |   2974 |   5073 |  15955 |  19 | 1471.2 |
       Dungeon |  19279 |  16670 |   2609 |   3109 |  10819 |  12 | 1606.6 |
        Temple |    118 |     47 |     71 |      0 |      0 |   1 |  118.0 |
          Lair |   7526 |   7233 |    293 |   1574 |   4798 |   5 | 1505.2 |
      Gauntlet |   1028 |   1028 |      0 |    390 |    338 |   1 | 1028.0 |
               +--------+--------+--------+--------+--------+-----+--------+

Top non-repeatable levels by time:
  Lair:1: 2675 daAuts
     D:5: 2442 daAuts
     D:8: 2239 daAuts
     D:4: 2089 daAuts
     D:7: 2082 daAuts
    D:10: 2010 daAuts
    D:11: 1630 daAuts
  Lair:4: 1613 daAuts
  Lair:2: 1586 daAuts
     D:9: 1535 daAuts
  Lair:3: 1469 daAuts
     D:2: 1427 daAuts
     D:3: 1319 daAuts
     D:1: 1136 daAuts
Gauntlet: 1028 daAuts
